 Dungeon Crawl Stone Soup version 0.30.1 (webtiles) character file.

Game seed: 9141726312757666906

456 cdecastro the Cudgeller (level 6, -2/62 HPs)
             Began as a Troll Fighter on July 8, 2023.
             Splashed by a jelly's acid (8 damage)
             ... on level 4 of the Dungeon.
             The game lasted 00:04:58 (2552 turns).

cdecastro the Cudgeller (Troll Fighter)             Turns: 2552, Time: 00:04:59

Health: -2/62      AC: -20   Str: 25    XL:     6   Next: 77%
Magic:  5/5        EV:  9    Int:  4    God:
Gold:   262        SH:  8    Dex: 11    Spells: 5/5 levels left

rFire   . . .        (no weapon)
rCold   . . .        c - +0 kite shield
rNeg    . . .        b - +0 robe
rPois   .            n - +0 hat
rElec   .            (no cloak)
rCorr   .            (gloves unavailable)
SInv    .            (boots unavailable)
Will    .....        (no amulet)
Stlth   +            (no ring)
HPRegen 1.10/turn    (no ring)
MPRegen 0.09/turn

%: no passive effects
@: corroded
A: large, unfitting armour, claws 3, regeneration 1, shaggy fur 1, tough skin 1
a: no special abilities


You were on level 4 of the Dungeon.
You visited 1 branch of the dungeon, and saw 4 of its levels.

You collected 262 gold pieces.

Inventory:

Hand Weapons
 a - a +4 short sword of freezing
 u - a +0 flail
Missiles
 k - a throwing net
 s - 5 boomerangs of dispersal
 t - 11 poisoned darts (quivered)
Armour
 b - a +0 robe (worn)
 c - a +0 kite shield (worn)
 n - a +0 hat (worn)
Jewellery
 B - a ring of positive energy
Scrolls
 e - a scroll of enchant weapon {unknown}
 g - 2 scrolls of noise {unknown}
 j - a scroll of enchant armour {unknown}
 l - 2 scrolls of immolation {unknown}
 o - 2 scrolls of identify {unknown}
 p - 2 scrolls of magic mapping {unknown}
 q - 2 scrolls of blinking {unknown}
 r - a scroll of vulnerability {unknown}
 x - 2 scrolls of poison {unknown}
 y - a scroll of silence {unknown}
 A - a scroll of torment {unknown}
 C - a scroll of fear {unknown}
Potions
 d - a potion of might
 f - 3 potions of curing {unknown}
 h - 2 potions of degeneration {unknown}
 i - a potion of attraction {unknown}
 m - 2 potions of heal wounds {unknown}
 v - a potion of berserk rage {unknown}
 w - a potion of brilliance {unknown}
 z - a potion of lignification {unknown}


   Skills:
 + Level 4.1 Fighting
 * Level 5.5 Maces & Flails
 - Level 2.4 Dodging
 - Level 2.6 Shields


You had 5 spell levels left.
You didn't know any spells.
Your spell library contained the following spells:

 Spells                   Type           Power      Damage    Failure   Level
 Slow                     Hex            0%         N/A       77%         1
 Confusing Touch          Hex            0%         N/A       98%         3
 Vampiric Draining        Necr           0%         2d6       98%         3


Dungeon Overview and Level Annotations

Branches:
Dungeon (4/15)
 Temple: D:4-7

Altars:
Trog
Yredelemnul

Shops:
D:1 :


Innate Abilities, Weirdness & Mutations

You are too large for most types of armour.
You have claws for hands.
Your natural rate of healing is unusually fast.
You are covered in fur. (AC +1)
You have tough skin. (AC +1)


Message History

You hit the jelly but do no damage. The acid corrodes you!
Your claws burn!
The jelly is almost dead.
The jelly barely misses you.
You hit the jelly but do no damage.
Your claws burn!
The jelly is almost dead.
The jelly hits you. The acid corrodes you!
You are splashed with acid!
* * * LOW HITPOINT WARNING * * *
You hit the jelly but do no damage.
Your claws burn!
* * * LOW HITPOINT WARNING * * *
The jelly is almost dead.
The jelly hits you.
* * * LOW HITPOINT WARNING * * *
The acid corrodes you!
You are splashed with acid!
* * * LOW HITPOINT WARNING * * *
You block the jelly's attack.
You hit the jelly but do no damage. The acid corrodes you!
Your claws burn!
* * * LOW HITPOINT WARNING * * *
The jelly is almost dead.
The jelly closely misses you.
Unknown command.
Your +4 short sword of freezing stops glowing.
You are now empty-clawed.
Unknown command.
Really attack while wielding nothing?
Okay, then.
Really attack while wielding nothing?
Okay, then.
Really attack while wielding nothing?
Okay, then.
Really attack while wielding nothing?
You scratch the jelly but do no damage.
Your claws burn!
* * * LOW HITPOINT WARNING * * *
The jelly is almost dead.
The jelly barely misses you.
You barely miss the jelly.
The jelly is almost dead.
The jelly hits you.
* * * LOW HITPOINT WARNING * * *
The acid corrodes you!
You are splashed with acid!
You die...

.............#.#####.#
...........#.........##
...............###.....
#........>#..#####.....
######................
...#..............(.....
.....).##.###...###....>
.####...# ##.......##.
#@### #..........
#####J### ##.......###
#.......###........#
#....$..##.........#
#.......#..#.....†.#
#.........##......<#
#.......####.......#
#.......# #.......#
#.......# #########


You could see a jelly.

Vanquished Creatures
  An ogre (D:4)
  4 lemures
  A phantom (D:4)
  A scorpion (D:4)
  2 hounds
  A sleepcap (D:3)
  Natasha (D:4)
  An orc wizard (D:3)
  3 adders
  2 worms
  A dart slug (D:1)
  7 orcs
  5 bats
  5 endoplasms
  3 giant cockroaches
  6 goblins
  4 hobgoblins
  6 jackals (D:2)
  8 kobolds
  3 quokkas
  5 ball pythons
  5 frilled lizards
  3 rats
78 creatures vanquished.

Notes
Turn   | Place    | Note
-------+----------+-------------------------------------------
     0 | D:1      | cdecastro the Troll Fighter began the quest for the Orb.
     0 | D:1      | Reached XP level 1. HP: 22/22 MP: 0/0
    96 | D:1      | Reached skill level 2 in Maces & Flails
   173 | D:1      | Reached XP level 2. HP: 29/29 MP: 1/1
   726 | D:1      | Found Buditaq's Book Boutique.
   972 | D:2      | Found a bloodstained altar of Trog.
  1001 | D:2      | Reached skill level 3 in Maces & Flails
  1001 | D:2      | Reached XP level 3. HP: 36/37 MP: 2/2
  1109 | D:2      | Reached XP level 4. HP: 43/45 MP: 3/3
  1651 | D:3      | Reached skill level 4 in Maces & Flails
  1651 | D:3      | Reached XP level 5. HP: 39/53 MP: 4/4
  1995 | D:4      | Noticed a lemure
  2000 | D:4      | Noticed a lemure
  2003 | D:4      | Noticed a lemure
  2022 | D:3      | Killed a lemure
  2050 | D:3      | Killed a lemure
  2063 | D:3      | Killed a lemure
  2090 | D:4      | Noticed an ogre
  2099 | D:4      | Killed an ogre
  2172 | D:4      | Reached XP level 6. HP: 62/62 MP: 5/5
  2219 | D:4      | Reached skill level 5 in Maces & Flails
  2238 | D:4      | Found a basalt altar of Yredelemnul.
  2463 | D:4      | Noticed Natasha
  2470 | D:4      | Killed Natasha
  2552 | D:4      | Splashed by a jelly's acid

Illustrated notes

Levels and vault maps discovered:
D:1:      lemuel_arrival_muddy, layout_basic, serial_forest,
          infiniplex_forest_lined_2, infiniplex_forest_clump_tiny,
          infiniplex_forest_lined_3, infiniplex_forest_fountain, serial_shops,
          nicolae_shop_pleasant_corner_grove, minmay_stone_trees_medium
D:2:      layout_basic, basic_altar, supply_closet_lemuel
D:3:      layout_basic, minmay_cut_off
D:4:      minmay_evil_eye, layout_rooms, mainiacjoe_overflow_cross_hatched,
          uniq_natasha, uniq_pikel

Skill      XL: |  1  2  3  4  5  6 |
---------------+-------------------+-----
Maces & Flails | 2 3 4 5 |  5.5
Fighting       | 3 4 |  4.1
Dodging        | |  2.4
Shields        | |  2.6

Action                     |  1- 3 |  4- 6 || total
---------------------------+-------+-------++-------
  Melee: Unarmed           |    99 |    21 ||   120
         Short sword       |       |   206 ||   206
  Throw: Dart              |       |     5 ||     5
   Stab: Sleeping          |     1 |       ||     1
 Armour: Robe              |    20 |    43 ||    63
  Dodge: Dodged            |    29 |    68 ||    97
  Block: Kite shield       |    37 |    76 ||   113
